 Dungeon Crawl Stone Soup version 0.30-a0-305-g026cb31310 (webtiles) character file.

Game seed: 16190013346614776439

6451 spaghetti the Cleaver (level 10, -3/124 HPs)
             Began as a Gnoll Berserker on Oct 22, 2022.
             Was a High Priest of Trog.
             Succumbed to a killer bee's poison
             ... on level 10 of the Dungeon.
             The game lasted 00:12:38 (8415 turns).

spaghetti the Cleaver (Gnoll Berserker)             Turns: 8415, Time: 00:12:39

Health: -3/124     AC: 25    Str: 22 (24) XL:     10   Next: 99%
Magic:  19/19      EV:  2    Int:  4 (6)  God:    Trog [*****.]
Gold:   303        SH:  0    Dex: 14 (15) Spells: 21/21 levels left

rFire   . . .      SeeInvis .    I - +6 rapier of Megalomania {speed, Str+6, short}
rCold   . . .      Faith    .    (no shield)
rNeg    . . .      Spirit   .    (body armour currently unavailable)
rPois   +          Reflect  .    (helmet currently unavailable)
rElec   .          Harm     .    (cloak currently unavailable)
rCorr   .          Rampage  .    (gloves currently unavailable)
Will    ++...      NoTele   +    (boots currently unavailable)
Stlth   +++.......               (no amulet)
HPRegen 1.40/turn                d - +4 ring of evasion
MPRegen 0.16/turn                (no ring)

@: brilliant, lethally poisoned (-3 -> -12), tree-form, strong-willed, on
berserk cooldown, attractive, regenerating, slowed, very slow
A: stationary, stasis, torment immunity, boosted hp, (fangs 1), strong nose,
distributed training
a: Renounce Religion, Berserk, Trog's Hand, Brothers in Arms


You were on level 10 of the Dungeon.
You worshipped Trog.
Trog was extremely pleased with you.
You were a tree.
You visited 1 branch of the dungeon, and saw 10 of its levels.

You collected 303 gold pieces.


Innate Abilities, Weirdness & Mutations

You are a tree.
Your roots penetrate the ground, keeping you stationary.
You cannot be teleported.
You are immune to unholy pain and torment.
Your maximum health is greatly increased.
Your equipment is partially melded.
((You have very sharp teeth.))
Your uncanny sense of smell can sniff out nearby items.
Your experience applies equally to all skills.


   Skills:
 + Level 9.0 Fighting
 + Level 6.0 Short Blades
 + Level 6.0 Long Blades
 + Level 9.0 Axes
 + Level 6.0 Maces & Flails
 + Level 6.0 Polearms
 + Level 6.0 Staves
 + Level 6.0 Ranged Weapons
 + Level 6.0 Throwing
 + Level 7.6 Armour
 + Level 7.6 Dodging
 + Level 6.0 Stealth
 + Level 6.0 Shields
 + Level 6.0 Unarmed Combat
 + Level 6.0 Spellcasting
 + Level 5.0 Conjurations
 + Level 5.0 Hexes
 + Level 5.0 Summonings
 + Level 5.0 Necromancy
 + Level 5.0 Translocations
 + Level 5.0 Transmutations
 + Level 5.0 Fire Magic
 + Level 5.0 Ice Magic
 + Level 5.0 Air Magic
 + Level 5.0 Earth Magic
 + Level 5.0 Poison Magic
 + Level 6.6 Invocations
 + Level 6.0 Evocations


You had 21 spell levels left.
You didn't know any spells.
Your spell library contained the following spells:

 Spells                   Type           Power      Damage    Failure   Level
 Sting                    Tmut/Pois      28%        1d4       4%          1
 Blink                    Tloc           14%        N/A       6%          2
 Momentum Strike          Conj/Tloc      14%        3d8       6%          2
 Poisonous Vapours        Pois/Air       14%        N/A       6%          2
 Kindle Blastsparks       Fire/Tloc/Air  14%        2d11      12%         3
 Lesser Beckoning         Tloc           14%        N/A       12%         3
 Fulminant Prism          Conj/Hex       3%         3d6       36%         4
 Iskenderun's Mystic Bla  Conj/Tloc      7%         2d4       36%         4
 Olgreb's Toxic Radiance  Pois           7%         N/A       36%         4
 Lee's Rapid Deconstruct  Erth           3%         3d5*      73%         5

Inventory:

Hand Weapons
 a - a +0 hand axe {axe}
 g - a +1 dagger of venom {short}
   (You took it off a kobold on level 1 of the Dungeon)
 i - a +4 dagger of venom {short}
   (You took it off a goblin on level 1 of the Dungeon)
 A - a +5 dire flail of venom {mace}
   (You took it off Blork the orc on level 4 of the Dungeon)
 I - the +6 rapier of Megalomania (weapon) {speed, Str+6, short}
   (You found it on level 8 of the Dungeon)

   Attacks with this weapon are significantly faster.
   Str:       It affects your strength (+6).
Missiles
 c - 87 stones (quivered) {throwing}
 l - 3 datura-tipped darts {throwing}
 t - 4 poisoned darts {throwing}
 u - 2 throwing nets {=f!fthrowing}
 C - 2 silver boomerangs {throwing}
 E - 7 boomerangs {throwing}
Armour
 b - a +0 animal skin
 j - a +1 pair of boots (melded)
   (You found it on level 1 of the Dungeon)
 p - a +2 animal skin (melded)
   (You took it off Robin on level 2 of the Dungeon)
 q - a +0 helmet (melded)
   (You took it off Robin on level 2 of the Dungeon)
 D - a +0 cloak (melded)
   (You found it on level 4 of the Dungeon)
Jewellery
 d - a +4 ring of evasion (left branch)
   (You took it off an orc on level 6 of the Dungeon)
Wands
 y - a wand of digging (16)
   (You found it on level 4 of the Dungeon)
 B - a wand of acid (7)
   (You found it on level 6 of the Dungeon)
 F - a wand of iceblast (13)
   (You found it on level 6 of the Dungeon)
 H - a wand of flame (4)
   (You found it on level 8 of the Dungeon)
Scrolls
 e - 2 scrolls of vulnerability {!r!r}
 f - a scroll of blinking {!r}
 h - a scroll of enchant armour
 n - 2 scrolls of noise {!r}
 r - 3 scrolls of fog
 x - 4 scrolls of fear
Potions
 k - 2 potions of heal wounds {@q2}
 m - a potion of degeneration {!q@e2}
 o - a potion of might
 s - a potion of brilliance
 v - 3 potions of curing {@q1}
 G - a potion of attraction {!q}

Dungeon Overview and Level Annotations

Branches:
Dungeon (10/15) Zot: 26370  Temple (0/1) D:5             Orc (0/2) D:9
   Lair: D:8-11

Altars:
Elyvilon
Hepliaklqana
Kikubaaqudgha
Uskayaw
Yredelemnul
Zin

Annotations:
D:4 2 transporters

....#.# .♣ .#..### ...
.#..# ..♣ .#..# ###..#
[#..# ..§..♣♣
.#..####### oo.#...
.#........#######oy.....
.#...#..#.....).yyo...$.
.#...#..#..#.)##♣y#....#
..............).y.......
########################


You could see an orc warrior (fleeing), 5 killer bees, an orc priest (fleeing)
and 2 orcs.


Message History

MASSIVE DAMAGE!! (PAUSE) Unknown command.
You feel better. The killer bee stings you.
* * * LOW HITPOINT WARNING * * *
You are poisoned.
The killer bee poisons you! The killer bee misses you. x2
The killer bee stings you but does no damage.
An orc comes into view. It is wielding a +0 trident.
The killer bee stings you but does no damage. x2
A killer bee comes into view.
The orc warrior shoots a bolt.
The bolt hits you.
* * * LOW HITPOINT WARNING * * *
It was a potion of degeneration.
There was something very wrong with that liquid.
You feel weakened.
You feel dopey.
You feel clumsy.
You feel very sick.
The killer bee stings you but does no damage.
A killer bee comes into view.
The killer bee misses you. The killer bee closely misses you.
The killer bee completely misses you.
The orc warrior shoots a bolt.
The bolt hits you but does no damage.
The killer bee stings you but does no damage.
The killer bee closely misses you.
The killer bee buzzes angrily. 😱 HP[-2]
You take 2 damage, and now have 17/83 hp.
It was a potion of brilliance.
You feel clever all of a sudden.
You feel sick.
The orc shouts!
You hear an angry buzzing noise.
The killer bee misses you.
The killer bee stings you but does no damage.
The killer bee barely misses you. The killer bee closely misses you. x2
The orc warrior shoots a bolt.
The bolt completely misses you. The killer bee misses you. x2
It was a potion of flight.
You feel very buoyant.
You fly up into the air.
You feel sick. The killer bee barely misses you.
A killer bee comes into view.
The killer bee completely misses you. The killer bee misses you.
The killer bee stings you but does no damage. x2
The killer bee misses you.
The killer bee stings you but does no damage.
The killer bee closely misses you.
An orc priest comes into view. It is wielding a +0 dagger.
The killer bee barely misses you. The killer bee misses you. x2
The killer bee closely misses you. 😱 HP[+1] It was a potion of lignification.
You turn into a tree.
Your +0 cloak melds into your body.
Your +0 helmet melds into your body.
Your +1 pair of boots melds into your body.
Your +2 animal skin melds into your body.
Your roots penetrate the ground.
You feel sick.
The killer bee stings you but does no damage. x3
The killer bee stings you.
* * * LOW HITPOINT WARNING * * *
The killer bee stings you but does no damage. x2
The killer bee completely misses you.
The killer bee stings you but does no damage.
The orc priest miscasts a cantrip.
The killer bee stings you.
* * * LOW HITPOINT WARNING * * *
You are more poisoned.
The killer bee poisons you!
The killer bee stings you but does no damage. x2
The killer bee barely misses you.
You now have 124 max hp (+41).
Unknown command.
Unknown command.
It was a potion of attraction.
You feel attractive to monsters.
You feel very sick. The killer bee stings you.
* * * LOW HITPOINT WARNING * * *
The killer bee stings you but does no damage.
The killer bee barely misses you. The killer bee stings you.
* * * LOW HITPOINT WARNING * * *
The killer bee stings you but does no damage. x3
The killer bee stings you.
* * * LOW HITPOINT WARNING * * *
You are lethally poisoned!
The killer bee poisons you!
The killer bee stings you but does no damage.
The killer bee barely misses you.
The killer bee stings you but does no damage.
The killer bee stings you.
* * * LOW HITPOINT WARNING * * *
You are more poisoned.
The killer bee poisons you!
The orc priest is attracted toward you. 😱 HP[-17]
You take 17 damage, and now have 1/124 hp.
Unknown command.
Unknown command.
Unknown command.
Unknown command.
Unknown command.
As you read the scroll of fear, it crumbles to dust.
You assume a fearsome visage.
The killer bee looks frightened! x5
The orc warrior looks frightened!
The orc priest looks frightened!
The orc looks frightened! x2
You die...

Skill      XL: |  1  2  3  4  5  6  7  8  9 10 |
---------------+-------------------------------+-----
Invocations    | 1 2 3 4 5 6 |  6.6
Short Blades   | 1 2 3 5 6 |  6.0
Long Blades    | 1 2 3 5 6 |  6.0
Maces & Flails | 1 2 3 5 6 |  6.0
Polearms       | 1 2 3 5 6 |  6.0
Staves         | 1 2 3 5 6 |  6.0
Ranged Weapons | 1 2 3 5 6 |  6.0
Throwing       | 1 2 3 5 6 |  6.0
Stealth        | 1 2 3 5 6 |  6.0
Shields        | 1 2 3 5 6 |  6.0
Unarmed Combat | 1 2 3 5 6 |  6.0
Spellcasting   | 1 2 3 5 6 |  6.0
Evocations     | 1 2 3 5 6 |  6.0
Conjurations   | 1 2 3 4 5 |  5.0
Hexes          | 1 2 3 4 5 |  5.0
Summonings     | 1 2 3 4 5 |  5.0
Necromancy     | 1 2 3 4 5 |  5.0
Translocations | 1 2 3 4 5 |  5.0
Transmutations | 1 2 3 4 5 |  5.0
Fire Magic     | 1 2 3 4 5 |  5.0
Ice Magic      | 1 2 3 4 5 |  5.0
Air Magic      | 1 2 3 4 5 |  5.0
Earth Magic    | 1 2 3 4 5 |  5.0
Poison Magic   | 1 2 3 4 5 |  5.0
Armour         | 5 6 7 |  7.6
Dodging        | 5 6 7 |  7.6
Fighting       | 7 8 9 |  9.0
Axes           | 7 8 9 |  9.0

Action                   |  1- 3 |  4- 6 |  7- 9 | 10-12 || total
-------------------------+-------+-------+-------+-------++-------
Melee: Hand axe          |    29 |       |       |       ||    29
       Bite              |     6 |    16 |    30 |    21 ||    73
       Punch             |     2 |     1 |       |     5 ||     8
       Dagger            |    52 |   145 |       |       ||   197
       Dire flail        |       |     7 |   237 |    54 ||   298
       Rapier            |       |       |       |   137 ||   137
Invok: Berserk           |       |     5 |     3 |     5 ||    13
       Trog's Hand       |       |       |       |     3 ||     3
       Brothers in Arms  |       |       |       |     1 ||     1
  Use: Scroll            |       |     2 |    11 |     2 ||    15
       Potion            |       |       |       |     7 ||     7
 Stab: Sleeping          |     2 |     4 |    11 |     1 ||    18
       Distracted        |     1 |       |     2 |       ||     3
Armor: Animal skin       |    16 |    38 |    71 |    40 ||   165
       Skin              |       |       |       |    14 ||    14
Dodge: Dodged            |    51 |   123 |   156 |   218 ||   548

Levels and vault maps discovered:
D:1:      dpeg_arrival_round_c, layout_basic,
          shapermc_ecumenical_altar_starsandcircs, minmay_ruptured
D:2:      layout_basic, basic_altar, serial_bayou_lagoon_a, grunt_ministairs_2,
          st_stairs_6, kennysheep_cross_room, uniq_robin
D:3:      layout_loops_ring
D:4:      gammafunk_wand_slinger, layout_basic, palyth_stone_intersect,
          corexii_item_surrounded_by_moat, kennysheep_pointless_box,
          minmay_puff, uniq_blork_the_orc
D:5:      nicolae_cairo_tiling_very_big, layout_rooms,
          lemuel_mausoleum_altar_yredelemnul,
          beargit_hepliaklqana_dungeon_heroes, minmay_temple_entry_purple_smoke
D:6:      layout_cave_pods, elyvilon_altar_3,
          nicolae_uskayaw_murder_on_the_dancefloor, guppyfry_early_elven_hall,
          uniq_edmund, uniq_menkaure
D:7:      layout_basic, mainiacjoe_overflow_surrounded_room,
          dk_rats_in_the_wall, uniq_duvessa
D:8:      layout_basic, minmay_misc_feat_tiny, uniq_maurice, uniq_pikel
D:9:      layout_basic, hiddenorc2_lemuel
D:10:     wad_woods_minihive, layout_stronghold, grunt_ashenzari_visionary
          [grunt_ashenzari_visionary_swamp, grunt_ashenzari_visionary_spider],
          tgw_kikubaaqudgha, gammafunk_ghost_spectres,
          hangedman_abyss_or_decor_stabs, minmay_misc_feat_square,
          nicolae_twisting_strands

Notes
Turn   | Place    | Note
-------+----------+-------------------------------------------
     0 | D:1      | spaghetti the Gnoll Berserker began the quest for the Orb.
     0 | D:1      | Reached XP level 1. HP: 23/23 MP: 1/1
     0 | D:1      | magus.rc [v1.9.6]
    97 | D:1      | Reached XP level 2. HP: 29/29 MP: 2/2
   310 | D:1      | Reached XP level 3. HP: 35/35 MP: 3/3
   341 | D:1      | Reached ** piety under Trog
   649 | D:1      | Found a faded altar of an unknown god.
   896 | D:1      | You fall into a shaft and drop 1 floor!
   909 | D:2      | Reached skill level 1 in Invocations
  1029 | D:2      | Found a hide-covered altar of Uskayaw.
  1050 | D:2      | Reached skill level 1 in Short Blades
  1050 | D:2      | Reached skill level 1 in Long Blades
  1050 | D:2      | Reached skill level 1 in Maces & Flails
  1050 | D:2      | Reached skill level 1 in Polearms
  1050 | D:2      | Reached skill level 1 in Staves
  1050 | D:2      | Reached skill level 1 in Ranged Weapons
  1050 | D:2      | Reached skill level 1 in Throwing
  1050 | D:2      | Reached skill level 1 in Stealth
  1050 | D:2      | Reached skill level 1 in Shields
  1050 | D:2      | Reached skill level 1 in Unarmed Combat
  1050 | D:2      | Reached skill level 1 in Spellcasting
  1050 | D:2      | Reached skill level 1 in Evocations
  1092 | D:2      | Reached XP level 4. HP: 41/41 MP: 5/5
  1418 | D:2      | Noticed Robin
  1437 | D:2      | Killed Robin
  1438 | D:2      | Reached skill level 1 in Conjurations
  1438 | D:2      | Reached skill level 1 in Hexes
  1438 | D:2      | Reached skill level 1 in Summonings
  1438 | D:2      | Reached skill level 1 in Necromancy
  1438 | D:2      | Reached skill level 1 in Translocations
  1438 | D:2      | Reached skill level 1 in Transmutations
  1438 | D:2      | Reached skill level 1 in Fire Magic
  1438 | D:2      | Reached skill level 1 in Ice Magic
  1438 | D:2      | Reached skill level 1 in Air Magic
  1438 | D:2      | Reached skill level 1 in Earth Magic
  1438 | D:2      | Reached skill level 1 in Poison Magic
  1532 | D:2      | You add the spells Sting, Poisonous Vapours and Olgreb's
                  | Toxic Radiance to your library.
  2038 | D:3      | Reached *** piety under Trog
  2040 | D:3      | Reached XP level 5. HP: 47/47 MP: 7/7
  2472 | D:4      | Reached skill level 2 in Invocations
  2480 | D:4      | Reached XP level 6. HP: 53/53 MP: 8/8
  2483 | D:4      | Reached skill level 2 in Short Blades
  2483 | D:4      | Reached skill level 2 in Long Blades
  2483 | D:4      | Reached skill level 2 in Maces & Flails
  2483 | D:4      | Reached skill level 2 in Polearms
  2483 | D:4      | Reached skill level 2 in Staves
  2483 | D:4      | Reached skill level 2 in Ranged Weapons
  2483 | D:4      | Reached skill level 2 in Throwing
  2483 | D:4      | Reached skill level 5 in Armour
  2483 | D:4      | Reached skill level 5 in Dodging
  2483 | D:4      | Reached skill level 2 in Stealth
  2483 | D:4      | Reached skill level 2 in Shields
  2483 | D:4      | Reached skill level 2 in Unarmed Combat
  2483 | D:4      | Reached skill level 2 in Spellcasting
  2483 | D:4      | Reached skill level 2 in Evocations
  2763 | D:4      | Noticed Blork the orc
  2769 | D:4      | Killed Blork the orc
  2937 | D:4      | Reached skill level 7 in Fighting
  2937 | D:4      | Reached skill level 7 in Axes
  2937 | D:4      | Reached XP level 7. HP: 57/60 MP: 10/10
  3047 | D:4      | Found a transporter.
  3112 | D:4      | Reached skill level 2 in Conjurations
  3112 | D:4      | Reached skill level 2 in Hexes
  3112 | D:4      | Reached skill level 2 in Summonings
  3112 | D:4      | Reached skill level 2 in Necromancy
  3112 | D:4      | Reached skill level 2 in Translocations
  3112 | D:4      | Reached skill level 2 in Transmutations
  3112 | D:4      | Reached skill level 2 in Fire Magic
  3112 | D:4      | Reached skill level 2 in Ice Magic
  3112 | D:4      | Reached skill level 2 in Air Magic
  3112 | D:4      | Reached skill level 2 in Earth Magic
  3112 | D:4      | Reached skill level 2 in Poison Magic
  3228 | D:4      | Found a transporter.
  3689 | D:5      | Entered Level 5 of the Dungeon
  3824 | D:5      | Reached **** piety under Trog
  3825 | D:5      | Reached skill level 3 in Invocations
  3885 | D:5      | Found a staircase to the Ecumenical Temple.
  3991 | D:5      | Reached skill level 3 in Short Blades
  3991 | D:5      | Reached skill level 3 in Long Blades
  3991 | D:5      | Reached skill level 3 in Maces & Flails
  3991 | D:5      | Reached skill level 3 in Polearms
  3991 | D:5      | Reached skill level 3 in Staves
  3991 | D:5      | Reached skill level 3 in Ranged Weapons
  3991 | D:5      | Reached skill level 3 in Throwing
  3991 | D:5      | Reached skill level 3 in Stealth
  3991 | D:5      | Reached skill level 3 in Shields
  3991 | D:5      | Reached skill level 3 in Unarmed Combat
  3991 | D:5      | Reached skill level 3 in Spellcasting
  3991 | D:5      | Reached skill level 3 in Evocations
  3991 | D:5      | Reached XP level 8. HP: 48/67 MP: 12/12
  4248 | D:5      | Found a basalt altar of Yredelemnul.
  4571 | D:5      | Noticed Edmund
  4583 | D:5      | Killed Edmund
  4584 | D:5      | Reached skill level 3 in Conjurations
  4584 | D:5      | Reached skill level 3 in Hexes
  4584 | D:5      | Reached skill level 3 in Summonings
  4584 | D:5      | Reached skill level 3 in Necromancy
  4584 | D:5      | Reached skill level 3 in Translocations
  4584 | D:5      | Reached skill level 3 in Transmutations
  4584 | D:5      | Reached skill level 3 in Fire Magic
  4584 | D:5      | Reached skill level 3 in Ice Magic
  4584 | D:5      | Reached skill level 3 in Air Magic
  4584 | D:5      | Reached skill level 3 in Earth Magic
  4584 | D:5      | Reached skill level 3 in Poison Magic
  4584 | D:5      | Reached skill level 4 in Invocations
  4584 | D:5      | Found a faded altar of an unknown god.
  4584 | D:5      | Found a hazy altar of Hepliaklqana.
  4747 | D:6      | Reached skill level 6 in Armour
  4747 | D:6      | Reached skill level 6 in Dodging
  4748 | D:6      | Found a white marble altar of Elyvilon.
  4794 | D:6      | Found a hide-covered altar of Uskayaw.
  4797 | D:6      | Noticed Menkaure
  4803 | D:6      | Killed Menkaure
  4809 | D:6      | Reached XP level 9. HP: 56/73 MP: 14/14
  4943 | D:6      | Reached skill level 4 in Short Blades
  4943 | D:6      | Reached skill level 4 in Long Blades
  4943 | D:6      | Reached skill level 4 in Maces & Flails
  4943 | D:6      | Reached skill level 4 in Polearms
  4943 | D:6      | Reached skill level 4 in Staves
  4943 | D:6      | Reached skill level 4 in Ranged Weapons
  4943 | D:6      | Reached skill level 4 in Throwing
  4943 | D:6      | Reached skill level 4 in Stealth
  4943 | D:6      | Reached skill level 4 in Shields
  4943 | D:6      | Reached skill level 4 in Unarmed Combat
  4943 | D:6      | Reached skill level 4 in Spellcasting
  4943 | D:6      | Reached skill level 4 in Evocations
  5181 | D:6      | Noticed a deep elf pyromancer
  5189 | D:6      | Killed a deep elf pyromancer
  5433 | D:6      | Reached skill level 8 in Fighting
  5433 | D:6      | Reached skill level 8 in Axes
  5916 | D:7      | Reached skill level 5 in Invocations
  6116 | D:7      | Found a glowing silver altar of Zin.
  6168 | D:7      | Noticed Duvessa
  6169 | D:7      | Noticed Dowan
  6176 | D:7      | Killed Dowan
  6182 | D:7      | Killed Duvessa
  6248 | D:7      | You pick up a book of Spatial Translocations {forbidden}
                  | and begin reading...
  6248 | D:7      | You add the spells Blink, Momentum Strike and Lesser
                  | Beckoning to your library.
  6263 | D:7      | You pick up a book of Blasting {forbidden} and begin
                  | reading...
  6263 | D:7      | You add the spells Kindle Blastsparks, Fulminant Prism,
                  | Iskenderun's Mystic Blast and Lee's Rapid Deconstruction to
                  | your library.
  6467 | D:7      | Reached skill level 4 in Conjurations
  6467 | D:7      | Reached skill level 4 in Hexes
  6467 | D:7      | Reached skill level 4 in Summonings
  6467 | D:7      | Reached skill level 4 in Necromancy
  6467 | D:7      | Reached skill level 4 in Translocations
  6467 | D:7      | Reached skill level 4 in Transmutations
  6467 | D:7      | Reached skill level 4 in Fire Magic
  6467 | D:7      | Reached skill level 4 in Ice Magic
  6467 | D:7      | Reached skill level 4 in Air Magic
  6467 | D:7      | Reached skill level 4 in Earth Magic
  6467 | D:7      | Reached skill level 4 in Poison Magic
  6677 | D:8      | Noticed Pikel
  6686 | D:8      | Killed Pikel
  6687 | D:8      | Reached skill level 5 in Short Blades
  6687 | D:8      | Reached skill level 5 in Long Blades
  6687 | D:8      | Reached skill level 5 in Maces & Flails
  6687 | D:8      | Reached skill level 5 in Polearms
  6687 | D:8      | Reached skill level 5 in Staves
  6687 | D:8      | Reached skill level 5 in Ranged Weapons
  6687 | D:8      | Reached skill level 5 in Throwing
  6687 | D:8      | Reached skill level 7 in Armour
  6687 | D:8      | Reached skill level 7 in Dodging
  6687 | D:8      | Reached skill level 5 in Stealth
  6687 | D:8      | Reached skill level 5 in Shields
  6687 | D:8      | Reached skill level 5 in Unarmed Combat
  6687 | D:8      | Reached skill level 5 in Spellcasting
  6687 | D:8      | Reached skill level 5 in Evocations
  6687 | D:8      | Reached XP level 10. HP: 82/82 MP: 17/17
  7067 | D:8      | Noticed Maurice
  7097 | D:8      | Killed Maurice
  7456 | D:8      | Identified the +6 rapier of Megalomania {speed, Str+6}
  7684 | D:9      | Reached skill level 6 in Invocations
  7719 | D:9      | Reached ***** piety under Trog
  7725 | D:9      | Found a staircase to the Orcish Mines.
  7743 | D:9      | HP: 17/82 [killer bee[an orc] (7)]
  7763 | D:10     | Entered Level 10 of the Dungeon
  7775 | D:10     | HP: 27/123 [troll (11)]
  7781 | D:10     | HP: 25/123 [wyvern (3)]
  8030 | D:10     | HP: 22/123 [yak (10)]
  8336 | D:10     | Found an ancient bone altar of Kikubaaqudgha.
  8391 | D:10     | Reached skill level 9 in Fighting
  8391 | D:10     | Reached skill level 9 in Axes
  8395 | D:10     | Reached skill level 6 in Short Blades
  8395 | D:10     | Reached skill level 6 in Long Blades
  8395 | D:10     | Reached skill level 6 in Maces & Flails
  8395 | D:10     | Reached skill level 6 in Polearms
  8395 | D:10     | Reached skill level 6 in Staves
  8395 | D:10     | Reached skill level 6 in Ranged Weapons
  8395 | D:10     | Reached skill level 6 in Throwing
  8395 | D:10     | Reached skill level 6 in Stealth
  8395 | D:10     | Reached skill level 6 in Shields
  8395 | D:10     | Reached skill level 6 in Unarmed Combat
  8395 | D:10     | Reached skill level 6 in Spellcasting
  8395 | D:10     | Reached skill level 6 in Evocations
  8402 | D:10     | Reached skill level 5 in Conjurations
  8402 | D:10     | Reached skill level 5 in Hexes
  8402 | D:10     | Reached skill level 5 in Summonings
  8402 | D:10     | Reached skill level 5 in Necromancy
  8402 | D:10     | Reached skill level 5 in Translocations
  8402 | D:10     | Reached skill level 5 in Transmutations
  8402 | D:10     | Reached skill level 5 in Fire Magic
  8402 | D:10     | Reached skill level 5 in Ice Magic
  8402 | D:10     | Reached skill level 5 in Air Magic
  8402 | D:10     | Reached skill level 5 in Earth Magic
  8402 | D:10     | Reached skill level 5 in Poison Magic
  8408 | D:10     | HP: 19/83 [orc warrior/bolt (21)]
  8413 | D:10     | HP: 27/124 [poisoned by a killer bee]
  8414 | D:10     | HP: 11/124 [killer bee (5)]
  8414 | D:10     | HP: 3/124 [killer bee (4)]
  8414 | D:10     | HP: 1/124 [killer bee (2)]
  8415 | D:10     | Succumbed to a killer bee's poison

Vanquished Creatures
  Pikel (D:8)
  A deep elf pyromancer (D:6)
  Maurice (D:8)
  A troll (D:10)
  2 wyverns
  5 yaks (D:10)
  A steam dragon (D:7)
  Menkaure (D:6)
  Edmund (D:5)
  Duvessa (D:7)
  4 orc warriors
  An ice beast (D:6)
  An ogre (D:5)
  3 centaurs
  Blork the orc (D:4)
  A bullfrog (D:7)
  2 gnoll sergeants
  5 necrophages
  2 water moccasin zombies (D:5)
  10 wights
  2 killer bees (D:10)
  Dowan (D:7)
  4 howler monkeys
  A centaur zombie (D:5)
  A human zombie (D:5)
  A hound (D:6)
  6 orc priests
  3 jellies
  A gnoll bouda (D:5)
  9 orc wizards
  A scorpion zombie (D:5)
  A killer bee zombie (D:5)
  A hound zombie (D:5)
  A mummy (D:5)
  A howler monkey zombie (D:5)
  Robin (D:2)
  17 gnolls
  10 adders
  2 shadow imps
  A white imp (D:5)
  2 worms
  3 dart slugs
  34 orcs
  11 ball pythons
  6 endoplasms
  5 giant cockroaches
  21 goblins
  5 hobgoblins
  4 jackals (D:4)
  A quokka (D:1)
  5 bats
  2 frilled lizards (D:1)
  5 kobolds
  8 rats
222 creatures vanquished.

Vanquished Creatures (collateral kills)
  An orc warrior (D:9)
  A bullfrog (D:9)
  An orc priest (D:9)
  5 orcs (D:9)
8 creatures vanquished.

Vanquished Creatures (others)
  A human (D:10)
  14 plants (D:2)
15 creatures vanquished.

Grand Total: 245 creatures vanquished

Table legend:
 A = Non-vault XP
 B = Vault XP
 C = Vault XP percentage of total XP
 D = Non-vault monster count
 E = Vault monster count
 F = Vault count percentage of total count
                 A         B        C        D         E       F
            +---------+---------+-------+---------+---------+-------
      Total |    5441 |    3775 |  41.0 |     157 |      73 |  31.7
            +---------+---------+-------+---------+---------+-------
        D:1 |      40 |       7 |  14.9 |      24 |       5 |  17.2
        D:2 |      49 |      52 |  51.5 |      14 |      16 |  53.3
        D:3 |     133 |       0 |   0.0 |      19 |       0 |   0.0
        D:4 |     350 |     111 |  24.1 |      22 |       5 |  18.5
        D:5 |     531 |     767 |  59.1 |      16 |      13 |  44.8
        D:6 |     686 |     798 |  53.8 |      16 |       2 |  11.1
        D:7 |     625 |     209 |  25.1 |      13 |       2 |  13.3
        D:8 |     942 |    1062 |  53.0 |      18 |       2 |  10.0
        D:9 |     200 |     642 |  76.2 |       2 |      26 |  92.9
       D:10 |    1885 |     127 |   6.3 |      13 |       2 |  13.3
            +---------+---------+-------+---------+---------+-------

Illustrated notes

Table legend:
 A = Kills in this place as a percentage of kills in entire the game.
 B = Kills by you in this place as a percentage of kills by you in the entire game.
 C = Kills by friends in this place as a percentage of kills by friends in the entire game.
 D = Other kills in this place as a percentage of other kills in the entire game.
 E = Experience gained in this place as a percentage of experience gained in the entire game.
 F = Experience gained in this place divided by the number of levels of this place that you have seen.
                   A       B       C       D       E      F
               +-------+-------+-------+-------+-------+----------------------
         Total | 100.0 | 100.0 | 100.0 |   N/A | 100.0 | 921.6
       Dungeon | 100.0 | 100.0 | 100.0 |   N/A | 100.0 | 921.6
               +-------+-------+-------+-------+-------+----------------------

Table legend: (Time is in decaauts)
 A = Elapsed time spent in this place.
 B = Non-inter-level travel time spent in this place.
 C = Inter-level travel time spent in this place.
 D = Time resting spent in this place.
 E = Time spent auto-exploring this place.
 F = Levels seen in this place.
 G = Mean time per level.
                   A        B        C        D        E       F      G
               +--------+--------+--------+--------+--------+-----+--------+
         Total |   8459 |   8192 |    267 |      5 |   6792 |  10 |  845.9 |
       Dungeon |   8459 |   8192 |    267 |      5 |   6792 |  10 |  845.9 |
               +--------+--------+--------+--------+--------+-----+--------+

Top non-repeatable levels by time:
     D:4: 1254 daAuts
     D:6: 1141 daAuts
     D:5: 1070 daAuts
     D:8: 1028 daAuts
     D:2: 913 daAuts
     D:1: 893 daAuts
     D:7: 767 daAuts
     D:3: 656 daAuts
    D:10: 629 daAuts
     D:9: 103 daAuts
